 Dungeon Crawl Stone Soup version 0.30.1-11-g7821555f0a (webtiles) character file.

Game seed: 8165139293276524260

188 direpenguin the Chiller (level 6, -3/41 HPs)
             Began as a Human Ice Elementalist on Nov 14, 2023.
             Killed from afar by a white imp (13 damage)
             ... with a puff of frost
             ... on level 3 of the Dungeon.
             The game lasted 00:25:20 (2795 turns).

direpenguin the Chiller (Human Ice Elementalist)    Turns: 2795, Time: 00:25:21

Health: -3/41      AC:  2    Str:  8    XL:     6   Next: 0%
Magic:  3/11       EV: 12    Int: 18    God:
Gold:   189        SH:  0    Dex: 13    Spells: 8/12 levels left

rFire   . . .        e - staff of earth
rCold   . . .        (no shield)
rNeg    . . .        a - +0 robe
rPois   .            (no helmet)
rElec   .            (no cloak)
rCorr   .            (no gloves)
SInv    .            (no boots)
Will    .....        (no amulet)
Stlth   ++           (no ring)
HPRegen 0.26/turn    (no ring)
MPRegen 0.12/turn

%: no passive effects
@: no status effects
A: no striking features
a: no special abilities


You were on level 3 of the Dungeon.
You visited 1 branch of the dungeon, and saw 3 of its levels.

You collected 189 gold pieces.

Inventory:

Hand Weapons
 g - a +0 dagger
 i - a +0 mace
 n - a +0 short sword
 w - a +0 sling
Missiles
 k - 16 stones
 q - 4 javelins
 u - 6 poisoned darts
Armour
 a - a +0 robe (worn)
 l - a +0 ring mail
 t - the +1 pair of gloves "Ycriwer" {rPois Str+3}
   (You found it on level 2 of the Dungeon)

   Str:       It affects your strength (+3).
   rPois:     It protects you from poison.
Magical Staves
 e - a staff of earth (weapon)
Jewellery
 h - an amulet of guardian spirit
Scrolls
 c - 2 scrolls of identify {unknown}
 f - a scroll of immolation {unknown}
 j - a scroll of magic mapping {unknown}
 r - a scroll of blinking {unknown}
 s - a scroll of brand weapon {unknown}
 v - a scroll of enchant armour {unknown}
Potions
 b - a potion of magic
 d - a potion of brilliance {unknown}
 m - 3 potions of curing {unknown}
 o - a potion of flight {unknown}
 p - 2 potions of attraction {unknown}


   Skills:
 + Level 0.1 Fighting
 + Level 1.0 Staves
 + Level 2.2 Dodging
 + Level 2.4 Stealth
 + Level 3.7 Spellcasting
 + Level 5.2 Ice Magic


You had 8 spell levels left.
You knew the following spells:

 Your Spells              Type           Power      Damage    Failure   Level
a - Freeze                Ice            88%        1d9       1%          1
b - Ozocubu's Armour      Ice            22%        N/A       5%          3

Your spell library contained the following spells:

 Spells                   Type           Power      Damage    Failure   Level
 Frozen Ramparts          Ice            44%        1d7       5%          3
 Summon Ice Beast         Ice/Summ       12%        N/A       45%         4


Dungeon Overview and Level Annotations

Branches:
Dungeon (3/15)

Altars:
Qazlal

Annotations:
D:3 2 runed translucent doors


Message History

Aiming: Freeze (safe; 1% risk of failure)
Press: ? - help, Shift-Dir - straight line, f/p - white imp
Aim: a white imp (severely wounded)
You freeze the white imp but do no damage.
The white imp completely resists.
The white imp closely misses you.
You hit the white imp but do no damage.
You punch the white imp, but do no damage.
The white imp is severely wounded.
The white imp barely misses you.
Unknown command.
You completely miss the white imp.
The white imp is severely wounded.
The white imp closely misses you.
Unknown command.
You barely miss the white imp.
The white imp is severely wounded.
The white imp closely misses you.
You hit the white imp but do no damage.
The white imp is severely wounded.
The white imp misses you. The white imp closely misses you.
Casting: Freeze (safe; 1% risk of failure)
Confirm with . or Enter, or press ? or * to list all spells.
Aiming: Freeze (safe; 1% risk of failure)
Press: ? - help, Shift-Dir - straight line, f/p - white imp
Aim: a white imp (heavily wounded)
You freeze the white imp but do no damage.
The white imp completely resists.
The white imp barely misses you.
You closely miss the white imp.
The white imp is heavily wounded.
The white imp barely misses you.
Casting: Freeze (safe; 1% risk of failure)
Confirm with . or Enter, or press ? or * to list all spells.
Aiming: Freeze (safe; 1% risk of failure)
Press: ? - help, Shift-Dir - straight line, f/p - white imp
Aim: a white imp (heavily wounded)
You freeze the white imp.
The white imp resists.
The white imp is severely wounded.
The white imp gestures at you. The puff of frost hits you!
You die...

#.# #............#
#.# #............#
#.# #............#
#.# #............#
#.# #..########.#
#.# #..########.#
#.# #...........#
#.#####.###########
#...)@5.......##
#######.#.......
#.#.......
#.'.......
###....... .......
....... .......
.......


You could see a white imp.

Vanquished Creatures
  A sky beast (D:3)
  An orc wizard (D:3)
  3 adders (D:2)
  A worm (D:2)
  A dart slug (D:2)
  2 orcs (D:3)
  A bat (D:1)
  An endoplasm (D:1)
  4 goblins
  4 hobgoblins
  3 jackals (D:1)
  3 kobolds
  A quokka (D:1)
  3 ball pythons (D:2)
  2 frilled lizards (D:2)
  5 rats
36 creatures vanquished.

Notes
Turn   | Place    | Note
-------+----------+-------------------------------------------
     0 | D:1      | direpenguin the Human Ice Elementalist began the quest for
                  | the Orb.
     0 | D:1      | Reached XP level 1. HP: 13/13 MP: 3/3
   454 | D:1      | Reached XP level 2. HP: 19/19 MP: 0/5
   929 | D:2      | Reached XP level 3. HP: 24/24 MP: 2/6
  1211 | D:2      | Learned a level 3 spell: Ozocubu's Armour
  1478 | D:2      | Reached XP level 4. HP: 30/30 MP: 6/8
  2108 | D:2      | Identified the +1 pair of gloves "Ycriwer" {rPois Str+3}
  2237 | D:3      | Found a large runed translucent door.
  2237 | D:3      | Found a large runed translucent door.
  2309 | D:3      | Found a stormy altar of Qazlal.
  2309 | D:3      | Noticed a sky beast
  2318 | D:3      | Killed a sky beast
  2319 | D:3      | Reached skill level 5 in Ice Magic
  2319 | D:3      | Reached XP level 5. HP: 19/35 MP: 0/10
  2617 | D:3      | Reached skill level 1 in Staves
  2624 | D:3      | Reached XP level 6. HP: 28/41 MP: 2/11
  2795 | D:3      | Killed from afar by a white imp

Illustrated notes

Levels and vault maps discovered:
D:1:      lordsloth_arrival_two_stooges, layout_loops_ring
D:2:      layout_loops_corners, serial_bayou_lagoon_b
D:3:      layout_basic, nicolae_qazlal_beasts_of_the_sky,
          mainiacjoe_overflow_catwalk, jmf_multi_god_temple2, uniq_natasha,
          uniq_jessica

Skill      XL: |  1  2  3  4  5 |
---------------+----------------+-----
Spellcasting   | 3 |  3.7
Ice Magic      | 5 |  5.2
Staves         | 1 |  1.0
Fighting       | |  0.1
Dodging        | |  2.2
Stealth        | |  2.4

Action                     |  1- 3 |  4- 6 || total
---------------------------+-------+-------++-------
  Melee: Staff             |    29 |    21 ||    50
         Punch             |       |     1 ||     1
   Cast: Freeze            |    36 |    33 ||    69
         Ozocubu's Armour  |       |     2 ||     2
 Armour: Robe              |     6 |     7 ||    13
  Dodge: Dodged            |    39 |    19 ||    58
